 Dungeon Crawl Stone Soup version 0.30.1-3-gfc49f6343a (webtiles) character file.

Game seed: 7171102454355322425

283 FishyPogo the Stinger (level 6, -4/46 HPs)
             Began as a Demonspawn Venom Mage on July 22, 2023.
             Was an Initiate of Ashenzari.
             Killed by divine providence
             ... invoked by an orc priest
              (15 damage)
             ... on level 4 of the Dungeon.
             The game lasted 00:16:48 (3561 turns).

FishyPogo the Stinger (Demonspawn Venom Mage)       Turns: 3561, Time: 00:17:12

Health: -4/46      AC:  5    Str:  8    XL:     6   Next: 7%
Magic:  2/10       EV: 12    Int: 18    God:    Ashenzari [......]
Gold:   129        SH:  0    Dex: 16    Spells: 5/11 levels left

rFire   + . .        d - +0 dagger
rCold   + . .        (no shield)
rNeg    . . .        l - +0 leather armour
rPois   +            (helmet restricted)
rElec   +            s - +0 cloak of Qoneceg {rCorr Dex+2}
rCorr   +            p - +0 pair of gloves
SInv    .            (no boots)
Will    .....        (no amulet)
Stlth   ++           (no ring)
HPRegen 0.27/turn    (no ring)
MPRegen 0.12/turn

%: no passive effects
@: mighty, resistant, very slightly contaminated
A: horns 2, powered by pain 1
a: Renounce Religion, Curse Item


You were on level 4 of the Dungeon.
You worshipped Ashenzari.
Ashenzari was noncommittal.
You visited 1 branch of the dungeon, and saw 5 of its levels.

You collected 129 gold pieces.

Inventory:

Hand Weapons
 d - a +0 dagger (weapon)
Missiles
 c - 18 stones
 q - a throwing net
Armour
 l - a +0 leather armour (worn)
 p - a +0 pair of gloves (worn)
 s - the +0 cloak of Qoneceg (worn) {rCorr Dex+2}
   (You found it on level 3 of the Dungeon)

   Dex:       It affects your dexterity (+2).
   rCorr:     It protects you from acid and corrosion.
Jewellery
 o - a ring of fire
Scrolls
 e - a scroll of amnesia
 f - 2 scrolls of teleportation
 g - 3 scrolls of enchant armour
 m - 2 scrolls of blinking
Potions
 a - a potion of brilliance
 b - a potion of magic
 i - 3 potions of attraction
 j - a potion of cancellation
 k - a potion of lignification {unknown}
 n - a potion of mutation


   Skills:
 + Level 2.6 Fighting
 + Level 2.0 Armour
 - Level 2.0 Dodging
 - Level 2.0 Stealth
 - Level 3.0 Spellcasting
 - Level 2.0 Conjurations
 - Level 1.0 Transmutations
 + Level 4.1 Poison Magic


You had 5 spell levels left.
You knew the following spells:

 Your Spells              Type           Power      Damage    Failure   Level
a - Sting                 Tmut/Pois      48%        1d5       8%          1
b - Poisonous Vapours     Pois/Air       20%        N/A       14%         2
c - Mephitic Cloud        Conj/Pois/Air  10%        N/A       30%         3

Your spell library contained the following spells:

 Spells                   Type           Power      Damage    Failure   Level
 Olgreb's Toxic Radiance  Pois           17%        N/A       38%         4


Dungeon Overview and Level Annotations

Branches:
Dungeon (5/15)
 Temple: D:4-7

Altars:
Ashenzari
Hepliaklqana
Kikubaaqudgha

Annotations:
D:3 1 runed translucent door, keni's ghost, weakling MiHu


Innate Abilities, Weirdness & Mutations

You have a pair of horns on your head.
You sometimes gain a little power by taking damage.


Message History

Aim: an orc, wielding a +0 mace (moderately wounded, poisoned, 71% to hit)
The sting hits the orc.
The orc is poisoned.
The orc is heavily wounded.
Unknown command.
You hit the orc.
You kill the orc!
The jackal misses you.
You barely miss the jackal.
The orc looks more healthy.
The jackal bites you but does no damage.
The orc hits you with a +0 mace. The jackal closely misses you.
Unknown command.
What are your orders? t - Shout!
Orders for allies: a - Attack new target. p - Attack previous target. r - Retreat! s - Stop attacking. g - Guard the area. f - Follow me.
Anything else - Cancel.
Retreat in which direction?
Press: ? - help, Dir - move target, f - you, p - orc
Okay, then.
As you read the scroll labelled QUTAPUESA JAORHY, it crumbles to dust.
Wisps of shadow whirl around you...
It was a scroll of summoning.
The orc hits you with a +0 mace.
The orc priest calls down the wrath of Beogh upon you.
Beogh smites you!
* * * LOW HITPOINT WARNING * * *
You focus on the pain.
You feel mightier all of a sudden. The orc hits you with a +0 hand axe.
* * * LOW HITPOINT WARNING * * *
The jackal bites you but does no damage.
Unknown command.
It was a potion of resistance.
You feel protected. The jackal closely misses you.
The orc hits you with a +0 hand axe.
* * * LOW HITPOINT WARNING * * *
The orc hits you but does no damage.
The orc priest mumbles some strange prayers to Beogh against you.
Beogh smites you!
You die...

..# #..............#
..#####.........<...)#
..#...#.#..##...#.....
..#...#.#...........#
).....#.##...#....##.#
......#...........#
......########...S#
......####...'..s.#
............##..@h#
.............#..ooJ.....
.#...........#.o.o......
+#......................
........................
...#####................
...# #................!.
...###..................
..................


You could see an orc priest, 2 orcs, an endoplasm, a jackal (ally target), a
friendly scorpion (summoned), a friendly adder (summoned) and a friendly orc
(summoned).

Vanquished Creatures
  Eustachio (D:4)
  A hound (D:4)
  An iguana (D:4)
  3 adders
  3 worms
  A dart slug (D:1)
  5 orcs
  4 ball pythons
  6 endoplasms
  3 giant cockroaches
  3 goblins (D:3)
  2 hobgoblins (D:2)
  2 jackals (D:2)
  6 kobolds
  3 quokkas
  4 bats
  2 frilled lizards (D:2)
  3 rats
53 creatures vanquished.

Notes
Turn   | Place    | Note
-------+----------+-------------------------------------------
     0 | D:1      | FishyPogo the Demonspawn Venom Mage began the quest for the
                  | Orb.
     0 | D:1      | Reached XP level 1. HP: 13/13 MP: 3/3
    94 | D:1      | Reached skill level 1 in Transmutations
   230 | D:1      | Gained mutation: You sometimes gain a little power by
                  | taking damage. [demonic ancestry]
   230 | D:1      | Reached XP level 2. HP: 20/20 MP: 1/5
   866 | D:2      | Found an ancient bone altar of Kikubaaqudgha.
   879 | D:2      | Learned a level 2 spell: Poisonous Vapours
   966 | D:2      | Reached skill level 1 in Fighting
  1178 | D:2      | Gained mutation: You have a pair of small horns on your
                  | head. [demonic ancestry]
  1178 | D:2      | Reached XP level 3. HP: 14/26 MP: 6/6
  1812 | D:3      | You fall into a shaft and drop 2 floors!
  1812 | D:5      | Entered Level 5 of the Dungeon
  2013 | D:3      | Found a broken altar of Ashenzari.
  2025 | D:3      | Became a worshipper of Ashenzari the Shackled
  2094 | D:3      | Found a runed translucent door.
  2100 | D:3      | Noticed keni's ghost (weakling MiHu)
  2199 | D:3      | Identified the +0 cloak of Qoneceg {rCorr Dex+2}
  2256 | D:3      | Reached XP level 4. HP: 32/32 MP: 3/7
  2409 | D:3      | Found a hazy altar of Hepliaklqana.
  3133 | D:4      | Reached skill level 1 in Armour
  3133 | D:4      | Reached skill level 1 in Conjurations
  3218 | D:4      | Reached XP level 5. HP: 17/38 MP: 2/9
  3326 | D:4      | Noticed a sky beast
  3394 | D:4      | Noticed Eustachio
  3401 | D:4      | Learned a level 3 spell: Mephitic Cloud
  3423 | D:4      | Killed Eustachio
  3424 | D:4      | Reached skill level 4 in Poison Magic
  3424 | D:4      | Gained mutation: You have a pair of horns on your head.
                  | [demonic ancestry]
  3424 | D:4      | Reached XP level 6. HP: 30/46 MP: 8/10
  3561 | D:4      | Killed from afar by an orc priest

Illustrated notes

Levels and vault maps discovered:
D:1:      dpeg_arrival_fog, layout_rooms
D:2:      layout_loops_ring, basic_altar
D:3:      layout_basic, worldfamousw_hep_ancestral_shrine,
          mainiacjoe_overflow_tiny_flanked, ebering_ghost_reflecting_pool
D:4:      layout_basic, minmay_distorted, uniq_eustachio
D:5:      layout_cave_pools, general_overflow_altar,
          grunt_temple_overflow_order_and_chaos_1

Skill      XL: |  1  2  3  4  5 |
---------------+----------------+-----
Transmutations | 1 |  1.0
Dodging        | 2 |  2.0
Stealth        | 2 |  2.0
Fighting       | 1 2 |  2.6
Armour         | 1 2 |  2.0
Conjurations   | 1 2 |  2.0
Spellcasting   | 3 |  3.0
Poison Magic   | 4 |  4.1

Action                     |  1- 3 |  4- 6 || total
---------------------------+-------+-------++-------
  Melee: Dagger            |    42 |    22 ||    64
         Unarmed           |     4 |       ||     4
         Punch             |     1 |     1 ||     2
         Headbutt          |     6 |     4 ||    10
   Cast: Sting             |    68 |    17 ||    85
         Poisonous Vapours |    12 |    14 ||    26
         Mephitic Cloud    |       |     1 ||     1
    Use: Scroll            |       |     9 ||     9
         Potion            |       |     1 ||     1
 Armour: Robe              |     3 |       ||     3
         Leather armour    |     3 |    13 ||    16
  Dodge: Dodged            |    31 |    15 ||    46
